 Dungeon Crawl Stone Soup version 0.16-a0-2989-gec99a28 (console) character file.

8689 siepu the Ripper (level 11, 2/45 HPs)
             Began as a Felid Monk on Dec 6, 2014.
             Was a Believer of Ru.
             Quit the game on level 1 of the Lair of Beasts.
             The game lasted 00:37:27 (13004 turns).

siepu the Ripper (Felid Monk)                      Turns: 13004, Time: 00:37:27

Health: 2/45       AC:  8    Str:  7    XL:     11   Next: 13%
Magic:  21/21      EV: 22    Int: 12    God:    Ru [**....]
Gold:   344        SH:  0    Dex: 22    Spells: 1 memorised, 12 levels left
                                        Lives:  2   Deaths: 1

rFire  . . .     SeeInvis +       - Unarmed
rCold  . . .     Clarity  .     (armour unavailable)
rNeg   . . .     SustAb   .     (shield unavailable)
rPois  .         Gourm    .     (helmet unavailable)
rElec  .         Spirit   .     (cloak unavailable)
rCorr  .         Warding  .     (gloves unavailable)
rMut   .         Stasis   .     (boots unavailable)
MR     +....                    g - amulet of rage (curse)
Stlth  ++++......               i - ring of stealth
                                e - +6 ring of protection

@: lethally poisoned, no scrolls, quick, somewhat resistant to hostile
enchantments, stealthy
A: paw claws, no armour, no weapons or thrown items, fangs 3, see invisible,
carnivore 3, speed 1, shaggy fur 2, slow metabolism 1, inability to read while
threatened, hated by all
a: Renounce Religion, Evoke Berserk Rage


You were on level 1 of the Lair of Beasts.
You worshipped Ru.
Ru was pleased with you.
You were not hungry.

You visited 3 branches of the dungeon, and saw 13 of its levels.
You also visited: Ossuary.

You collected 714 gold pieces.
You spent 370 gold pieces at shops.

Inventory:

Jewellery
 e - a +6 ring of protection (left paw)
 g - a cursed amulet of rage (around neck)
 i - a ring of stealth (right paw)
 k - an uncursed ring of ice
 u - an uncursed ring of positive energy
 y - an uncursed ring of fire
 A - a cursed +6 ring of dexterity
Magical devices
 a - a wand of magic darts (17)
 j - a wand of frost (30)
 v - a wand of frost (48)
Scrolls
 c - a scroll of identify
 d - 5 scrolls of magic mapping
 f - 2 scrolls of blinking
 h - 2 scrolls of amnesia
 l - a scroll of recharging
 m - 3 scrolls of teleportation
 p - 6 scrolls of remove curse
Potions
 q - 2 potions of lignification
 s - a potion of might
 t - 4 potions of invisibility
 w - 3 potions of curing
 x - 4 potions of restore abilities
 z - 3 potions of berserk rage
 B - 2 potions of haste
 C - 2 potions of resistance
Books
 o - a book of Changes

   Spells                             Type                      Level
   a - Beastly Appendage              Transmutation                1
   b - Sticks to Snakes               Transmutation                2
   c - Spider Form                    Transmutation/Poison         3
   d - Ice Form                       Ice/Transmutation            4
   e - Blade Hands                    Transmutation                5
 E - a book of Hinderance

   Spells                             Type                      Level
   a - Confusing Touch                Hexes                        2
   b - Confuse                        Hexes                        3
   c - Petrify                        Transmutation/Earth          4
   d - Leda's Liquefaction            Hexes/Earth                  4
   e - Metabolic Englaciation         Hexes/Ice                    5
   f - Summon Mana Viper              Hexes/Summoning              5
   g - Gell's Gravitas                Hexes/Translocation          6
Comestibles
 b - 2 meat rations
 n - a royal jelly
 r - 9 beef jerkies


   Skills:
 + Level 3.9 Fighting
 + Level 5.1 Dodging
 - Level 2.6 Stealth
 - Level 16.0 Unarmed Combat
 + Level 2.0 Spellcasting
 + Level 3.4 Hexes
 + Level 3.4 Evocations


You had 12 spell levels left.
You knew the following spells:

 Your Spells              Type           Power        Failure   Level  Hunger
a - Confusing Touch       Hex            #.....       12%         2    ###....


Dungeon Overview and Level Annotations

Branches:
Dungeon (10/15)            Temple (1/1) D:6            Lair (2/8) D:9
    Orc: D:9-12

Altars:
Ashenzari
Cheibriados
Dithmenos
Elyvilon
Fedhas
Gozag
Kikubaaqudgha
Makhleb
Nemelex Xobeh
Okawaru
Qazlal
Ru
Sif Muna
Trog
Vehumet
Xom
Yredelemnul
Zin
The Shining One
Beogh

Shops:
D:7 ?   D:8 ?   D:9 :

Annotations:
D:8 runed door


Innate Abilities, Weirdness & Mutations

You cannot wear armour.
You are incapable of wielding weapons or throwing items.
Your paws have sharp claws.
You have razor-sharp teeth.
You have supernaturally acute eyesight.
You are carnivorous and can eat meat at any time.
You cover ground quickly.
You are covered in thick fur (AC +2).
You have a slow metabolism.
You cannot read scrolls while threatened.
You are hated by all.


Message History

You see here 19 sling bullets.
There is a stone staircase leading up here.
The spiny frog stings you!!
You feel threatened and lose the ability to read scrolls!
* * * LOW HITPOINT WARNING * * *
You are lethally poisoned!
The spiny frog poisons you!
The spiny frog is illuminated in retribution by your will!
You climb upwards.
* * * LOW HITPOINT WARNING * * *
You feel sick.
There is a stone staircase leading down here.
You claw the spiny frog!
The spiny frog begins to bleed from its wounds!
You claw the spiny frog!
You bite the spiny frog, but do no damage.
The spiny frog is heavily wounded.
* * * LOW HITPOINT WARNING * * *
You feel sick. The spiny frog barely misses you.
Are you sure you want to abandon this character and quit the game? (Confirm with "yes".)

..## #........# #.# ##.......##
..# #........## #.# ##........#
..# #........## #.## #.#.#.#.##
...# #........# #.## ###.#.#.##
..####### ##.@F....#
#.##.##.######.#.#.#.##
......................##
#.....<†.......#.#.#.#.# ###
......................######.####
.................................
).......................)........
...).............................
........#.#....[.......######.###


You could see a spiny frog (bleeding).

Vanquished Creatures
  Fannar (Lair:2)
  Maurice (D:8)
  Joseph (Lair:1)
  4 spiny frogs
  A komodo dragon (D:9)
  A troll (D:8)
  Prince Ribbit (D:8)
  Eustachio (D:5)
  3 yaks
  A hippogriff (D:8)
  4 water moccasins
  4 wolves (Lair:1)
  3 porcupines
  2 black bears
  An eye of draining (D:8)
  2 boring beetles (D:9)
  7 ogres
  A crocodile (Lair:2)
  Sigmund (D:3)
  Duvessa (D:4)
  8 giant frogs
  2 big kobolds (D:9)
  Blork the orc (D:4)
  A scorpion (D:5)
  An oklob sapling (D:6)
  4 wights (D:7)
  Dowan (D:4)
  5 crimson imps
  2 human zombies (Ossuary)
  2 quasits
  2 giant frog skeletons
  5 orc priests
  A jelly (D:7)
  Crazy Yiuf (D:5)
  A centaur skeleton (D:7)
  3 centaur zombies (Ossuary)
  9 hounds
  A gnoll shaman (D:4)
  5 iguanas
  8 orc wizards
  5 worker ants
  3 big kobold zombies (Ossuary)
  Ijyb (D:5)
  4 mummies
  A hound skeleton (D:8)
  Terence (D:2)
  8 gnolls
  29 river rats
  11 adders
  A shadow imp (D:5)
  An adder zombie (D:9)
  7 giant geckos
  3 oozes
  33 orcs
  14 bats
  A bat zombie (D:5)
  8 giant cockroaches
  14 goblins
  11 hobgoblins
  21 jackals
  26 kobolds
  3 quokkas
  2 ball pythons (D:2)
  7 giant newts
  A giant spore (D:7)
  A goblin zombie (Ossuary)
  7 hobgoblin zombies (Ossuary)
  A jackal skeleton (D:4)
  2 jackal zombies (Ossuary)
  7 kobold zombies (Ossuary)
  9 orc zombies (Ossuary)
  14 rats
  A ballistomycete (D:7)
  A plant (D:6)
363 creatures vanquished.

Vanquished Creatures (others)
  A plant (D:6)
1 creature vanquished.

Grand Total: 364 creatures vanquished

Notes
Turn   | Place    | Note
--------------------------------------------------------------
     0 | D:1      | siepu, the Felid Monk, began the quest for the Orb.
     0 | D:1      | Reached XP level 1. HP: 10/10 MP: 2/2
   197 | D:1      | Reached XP level 2. HP: 9/14 MP: 3/3
   668 | D:2      | Reached skill level 5 in Unarmed Combat
   698 | D:2      | Reached XP level 3. HP: 14/17 MP: 5/5
   939 | D:2      | Reached XP level 4. HP: 21/21 MP: 7/7
  1073 | D:2      | Reached skill level 6 in Unarmed Combat
  1173 | D:2      | Found a stormy altar of Qazlal.
  1179 | D:2      | Found a burning altar of Makhleb.
  1241 | D:2      | Noticed Terence
  1254 | D:2      | Killed Terence
  1488 | D:2      | Reached XP level 5. HP: 21/24 MP: 8/8
  1601 | D:3      | Found a sparkling altar of Nemelex Xobeh.
  1923 | D:3      | Noticed Sigmund
  1990 | D:3      | Killed Sigmund
  1990 | D:3      | Reached skill level 7 in Unarmed Combat
  2655 | D:4      | Gained mutation: You are covered in thick fur (AC +2). [growing up]
  2655 | D:4      | Reached XP level 6. HP: 25/28 MP: 10/10
  2740 | D:4      | Noticed Dowan
  2742 | D:4      | Noticed Duvessa
  2760 | D:4      | Killed Duvessa
  2932 | D:4      | Reached skill level 8 in Unarmed Combat
  2939 | D:4      | Noticed Blork the orc
  2951 | D:4      | Killed Blork the orc
  3056 | D:4      | Noticed an ogre
  3080 | D:4      | Killed an ogre
  3080 | D:4      | Reached XP level 7. HP: 9/31 MP: 12/12
  3584 | D:4      | Killed Dowan
  3935 | D:4      | Found a bloodstained altar of Trog.
  3998 | D:5      | Entered Level 5 of the Dungeon
  4036 | D:5      | Reached skill level 9 in Unarmed Combat
  4210 | D:5      | Noticed Ijyb
  4219 | D:5      | Killed Ijyb
  4255 | D:5      | Reached skill level 1 in Evocations
  4269 | D:5      | Noticed Eustachio
  4294 | D:5      | Killed Eustachio
  4457 | D:5      | Reached skill level 10 in Unarmed Combat
  4457 | D:5      | Reached XP level 8. HP: 34/34 MP: 14/14
  4706 | D:5      | Found a white marble altar of Elyvilon.
  4780 | D:5      | Found a sand-covered staircase.
  4785 | Ossuary  | Entered an ossuary
  5706 | D:5      | Gained mutation: You are partially covered in iridescent scales (AC +4). [potion of beneficial mutation]
  5707 | D:5      | Gained mutation: You have an increased reservoir of magic (+10% MP). [potion of beneficial mutation]
  5844 | D:5      | Noticed Crazy Yiuf
  5855 | D:5      | Killed Crazy Yiuf
  5855 | D:5      | Reached skill level 11 in Unarmed Combat
  5916 | D:6      | Found a staircase to the Ecumenical Temple.
  5973 | D:6      | Shot with an arrow by a centaur
  5974 | D:6      | Reached XP level 7. HP: -1/31 MP: 15/15
  6764 | D:7      | Reached XP level 8. HP: 34/34 MP: 16/16
  6900 | D:7      | Reached skill level 12 in Unarmed Combat
  7176 | D:7      | Found Shufil's Magic Scroll Shop.
  7746 | Temple   | Entered the Ecumenical Temple
  7830 | Temple   | Became a worshipper of Ru the Awakened
  7841 | Temple   | Gained mutation: You cannot read scrolls while threatened. [Ru sacrifice]
  7841 | Temple   | Acquired Ru's first power
  7962 | D:8      | Found Baivuff's Magic Scroll Shop.
  7967 | D:8      | Bought a scroll of blinking for 90 gold pieces
  8037 | D:8      | Noticed Prince Ribbit
  8072 | D:8      | Killed Prince Ribbit
  8072 | D:8      | Reached skill level 13 in Unarmed Combat
  8205 | D:8      | Reached XP level 9. HP: 37/37 MP: 18/18
  8372 | D:8      | Found an iron altar of Okawaru.
  8373 | D:8      | Found a deep blue altar of Sif Muna.
  8373 | D:8      | Found a shattered altar of Ashenzari.
  8694 | D:8      | Noticed a troll
  8701 | D:8      | Killed a troll
  8806 | D:8      | Found a runed door.
  8960 | D:8      | Noticed Maurice
  8987 | D:8      | Killed Maurice
  8987 | D:8      | Reached skill level 14 in Unarmed Combat
  9249 | D:8      | Found a roughly hewn altar of Beogh.
  9437 | D:9      | Found Stixtiff's Book Shoppe.
  9458 | D:9      | Bought a book of Hinderance for 280 gold pieces
  9461 | D:9      | Learned a level 2 spell: Confusing Touch
  9679 | D:9      | Found a staircase to the Lair.
 10250 | D:9      | Reached XP level 10. HP: 42/42 MP: 19/19
 10351 | D:10     | Entered Level 10 of the Dungeon
 10384 | D:10     | Gained mutation: You are hated by all. [Ru sacrifice]
 10384 | D:10     | Acquired Ru's second power
 10401 | D:10     | Noticed a hill giant
 10656 | Lair:1   | Entered Level 1 of the Lair of Beasts
 10794 | Lair:1   | Reached skill level 15 in Unarmed Combat
 10851 | Lair:1   | Noticed Joseph
 11060 | Lair:1   | Killed Joseph
 11602 | D:9      | Reached skill level 16 in Unarmed Combat
 11829 | Lair:1   | Reached skill level 1 in Hexes
 12166 | Lair:2   | Noticed Fannar
 12245 | Lair:2   | Lost mutation: You have an increased reservoir of magic (+10% MP). [potion of cure mutation]
 12245 | Lair:2   | Lost mutation: You are partially covered in iridescent scales (AC +4). [potion of cure mutation]
 12376 | Lair:2   | Killed Fannar
 12376 | Lair:2   | Reached skill level 1 in Spellcasting
 12376 | Lair:2   | Reached XP level 11. HP: 15/45 MP: 21/21
 12831 | Lair:2   | Reached skill level 5 in Dodging
 13003 | Lair:1   | HP: 2/45 [poisoned by a spiny frog]
 13004 | Lair:1   | Quit the game

Action                   |  1- 3 |  4- 6 |  7- 9 | 10-12 || total
-------------------------+-------+-------+-------+-------++-------
Melee: Unarmed           |   128 |   145 |   605 |   278 ||  1156
 Cast: Confusing Touch   |       |       |       |     3 ||     3
Invok: Sacrifice Words   |       |       |     1 |       ||     1
       Sacrifice Love    |       |       |       |     1 ||     1
Evoke: Wand              |       |     2 |     1 |       ||     3
  Use: Potion            |       |       |     3 |     5 ||     8
       Scroll            |       |       |    20 |     3 ||    23
 Stab: Sleeping          |     3 |    12 |    36 |    11 ||    62
       Confused          |       |       |       |     2 ||     2
  Eat: Chunk             |       |     3 |    11 |     5 ||    19
       Pizza             |       |       |       |     1 ||     1
